 Dungeon Crawl Stone Soup version 0.22-a0-305-gd21a89c (webtiles) character file.

30 4thArraOfDagon the Magician (level 3, -1/26 HPs)
             Began as a Draconian Wizard on Mar 31, 2018.
             Slain by a kobold (2 damage)
             ... on level 3 of the Dungeon.
             The game lasted 00:02:04 (485 turns).

4thArraOfDagon the Magician (Draconian Wizard)       Turns: 485, Time: 00:02:04

Health: -1/26      AC:  5    Str:  9    XL:     3   Next: 3%
Magic:  1/7        EV: 12    Int: 19    God:
Gold:   70         SH:  0    Dex:  9    Spells: 7/8 levels left

rFire    . . .     SeeInvis .     - Unarmed
rCold    . . .     Gourm    .   (no shield)
rNeg     . . .     Faith    .   (armour unavailable)
rPois    .         Spirit   .   a - +0 hat
rElec    .         Reflect  .   (no cloak)
rCorr    .         Harm     .   (no gloves)
MR       .....                  (no boots)
Stlth    ++........             (no amulet)
HPRegen  0.08/turn              (no ring)
MPRegen  0.10/turn              (no ring)

@: lethally poisoned (-1 -> -5)
A: unfitting armour, cold-blooded, AC +5
a: no special abilities


You were on level 3 of the Dungeon.
You were not hungry.

You visited 1 branch of the dungeon, and saw 3 of its levels.

You collected 70 gold pieces.

Inventory:

Missiles
 e - a throwing net (quivered)
Armour
 a - a +0 hat (worn)
Scrolls
 b - a scroll of immolation {unknown}
 d - a scroll of blinking {unknown}
 h - a scroll of remove curse {unknown}
 i - a scroll of fear {unknown}
Comestibles
 c - 3 rations


   Skills:
 - Level 1.7 Dodging
 - Level 1.7 Stealth
 * Level 2.7 Unarmed Combat
 - Level 3.0 Spellcasting
 - Level 1.0 Conjurations
   Level 1.0 Summonings
   Level 1.0 Translocations


You had 7 spell levels left.
You knew the following spells:

 Your Spells              Type           Power        Failure   Level  Hunger
a - Magic Dart            Conj           #...         10%         1    None


Dungeon Overview and Level Annotations

Branches:
Dungeon (3/15)

Altars:

Annotations:
D:3 TheNamelessOne's ghost, amateur DsCK


Innate Abilities, Weirdness & Mutations

Your plain brown scales are hard. (AC +5)
You cannot fit into any form of body armour.
You are cold-blooded and may be slowed by cold attacks.


Message History

A rat and a kobold come into view.
Unknown command.
Casting: Magic Dart (safe; 10% risk of failure)
Confirm with . or Enter, or press ? or * to list all spells.
Aiming: Magic Dart (safe; 10% risk of failure)
Press: ? - help, Shift-Dir - straight line, f - kobold
Aim: a kobold (resting)
The magic dart hits the kobold.
The kobold is moderately wounded.
The kobold shouts!
You hear an angry hiss.
The kobold barely misses you.
Casting: Magic Dart (safe; 10% risk of failure)
Confirm with . or Enter, or press ? or * to list all spells.
Aiming: Magic Dart (safe; 10% risk of failure)
Press: ? - help, Shift-Dir - straight line, f/p - kobold
Aim: a kobold (moderately wounded)
The magic dart hits the kobold.
The kobold is heavily wounded.
The kobold hits you.
You die...

##### #...# #########
#..[#
####.......###...######
#..'.......+...@..r....
#.##.......###..K......
#.##.......##..........
#.##.......##.##.......
#.##.......##. .[.....
#.##.......##. .......
#.##.......## .......
#.#####....# .......
#.# #....#


You could see a kobold and a rat.

Vanquished Creatures
  An adder (D:3)
  A leopard gecko (D:1)
  A bat (D:2)
  2 giant cockroaches (D:1)
  A goblin (D:2)
  3 hobgoblins (D:1)
  A quokka (D:2)
  3 frilled lizards
  6 kobolds
19 creatures vanquished.

Notes
Turn   | Place    | Note
-------+----------+-------------------------------------------
     0 | D:1      | 4thArraOfDagon the Draconian Wizard began the quest for the Orb.
     0 | D:1      | Reached XP level 1. HP: 14/14 MP: 4/4
   118 | D:2      | Reached skill level 1 in Unarmed Combat
   182 | D:1      | Reached XP level 2. HP: 17/20 MP: 1/6
   427 | D:3      | Noticed TheNamelessOne's ghost (amateur DsCK)
   471 | D:3      | Reached XP level 3. HP: 7/26 MP: 1/7
   483 | D:3      | HP: 1/26 [poisoned by an adder]
   485 | D:3      | Slain by a kobold

Vault maps used:
D:1:      dpeg_arrival_concentric_ovals
D:2:      minmay_diamond_boxcup, nemelex_spade_bored_becter, uniq_sigmund

Skill      XL: |  1  2 |
---------------+-------+-----
Unarmed Combat | 1 2 |  2.7
Dodging        | |  1.7
Stealth        | |  1.7
Spellcasting   | |  3.0
Conjurations   | |  1.0
Summonings     | |  1.0
Translocations | |  1.0

Action                   || total
-------------------------++-------
Melee: Unarmed           ||    47
       Tailslap          ||     2
 Cast: Magic Dart        ||    39
  Use: Scroll            ||     3
       Potion            ||     1
Armor: Skin              ||    11
Dodge: Dodged            ||    27

Table legend:
 A = Spawn XP
 B = Non-spawn XP
 C = Spawn XP percentage of total XP
 D = Spawn monster count
 E = Non-spawn monster count
 F = Spawn count percentage of total count
 G = Total turns spent on level
                    A         B        C        D         E        F      G
               +---------+---------+-------+---------+---------+-------+---------
         Total |       0 |      43 |   0.0 |       0 |      19 |   0.0 |   485
               +---------+---------+-------+---------+---------+-------+---------
           D:1 |       0 |      19 |   0.0 |       0 |      11 |   0.0 |   298
           D:2 |       0 |       8 |   0.0 |       0 |       5 |   0.0 |    72
           D:3 |       0 |      16 |   0.0 |       0 |       3 |   0.0 |   115
               +---------+---------+-------+---------+---------+-------+---------
